 Dungeon Crawl Stone Soup version 0.18-a0-739-gdae9da8 (webtiles) character file.

39 4thArraOfDagon the Ducker (level 3, -3/17 HPs)
             Began as a Felid Fighter on Dec 10, 2015.
             Was an Initiate of Ru.
             Slain by an ogre
             ... wielding a +0 giant club
              (17 damage)
             ... on level 4 of the Dungeon.
             The game lasted 00:01:58 (344 turns).

4thArraOfDagon the Ducker (Felid Fighter)            Turns: 344, Time: 00:01:58

Health: -3/17      AC:  1    Str: 12    XL:     3   Next: 26%
Magic:  4/4        EV: 19    Int: 10    God:    Ru [......]
Gold:   42         SH:  0    Dex: 15    Spells: 0 memorised, 2 levels left
                                        Lives:  0   Deaths: 0

rFire  . . .     SeeInvis +       - Unarmed
rCold  . . .     Clarity  .     (armour unavailable)
rNeg   . . .     SustAt   .     (shield unavailable)
rPois  .         Gourm    .     (helmet unavailable)
rElec  .         Spirit   .     (cloak unavailable)
rCorr  .         Dismiss  .     (gloves unavailable)
rMut   .         Stasis   .     (boots unavailable)
MR     .....                    (no amulet)
Stlth  ++........               (no ring)
                                (no ring)

@: quick, not resistant to hostile enchantments, unstealthy
A: no armour, no weapons or thrown items, claws 1, fangs 3, see invisible,
carnivore 3, speed 1, shaggy fur 1, slow metabolism 1, sharp paws
a: Renounce Religion


You were on level 4 of the Dungeon.
You worshipped Ru.
Ru was noncommittal.
You were completely stuffed.

You visited 1 branch of the dungeon, and saw 4 of its levels.

You collected 42 gold pieces.

Inventory:

Wands
 f - a wand of magic darts (18)
Scrolls
 c - a scroll of random uselessness {unknown}
 d - a scroll of enchant weapon {unknown}
 e - a scroll of fear {unknown}
Potions
 a - a potion of might
Comestibles
 b - 2 meat rations


   Skills:
 + Level 3.2 Fighting
 + Level 4.5 Dodging
 + Level 1.7 Stealth
 * Level 4.4 Unarmed Combat


You had 2 spell levels left.
You didn't know any spells.

Dungeon Overview and Level Annotations

Branches:
Dungeon (4/15)
 Temple: D:4-7

Altars:
Ru


Innate Abilities, Weirdness & Mutations

You cannot wear armour.
You are incapable of wielding weapons or throwing items.
You have sharp claws.
You have razor-sharp teeth.
You have supernaturally acute eyesight.
You are carnivorous and can eat meat at any time.
You cover ground quickly.
You are covered in fur (AC +1).
You have a slow metabolism.
Your sharp claws are effective at attacking unaware monsters.


Message History

The jackal barks!
A jackal comes into view.
Unknown command.
The jackal barks!
You scratch the ogre.
The ogre is heavily wounded.
The ogre barely misses you.
A jackal and an orc come into view.
Unknown command.
You barely miss the ogre.
The ogre is heavily wounded.
The ogre completely misses you.
Unknown command.
Unknown command.
The jackal barks!
You claw the ogre!
The ogre is severely wounded.
The ogre hits you with a giant club!
Ouch! That really hurt!
You die...

########### ###
...#####.........# ....
.................##....
..h........>..........
......................
.................####
.....h.....##....#####
.o..h.....###....#...#
.......@.............+
......O.##...........###
....######..............
... ............#.## .
....#####.....#.
.............##.
(...........##.
............#..
.........#..#..


You could see an ogre, an orc and 3 jackals.

Vanquished Creatures
  An orc wizard (D:4)
  A worm (D:4)
  2 bats
  4 hobgoblins
  A jackal (D:2)
  A giant cockroach (D:1)
  2 giant newts
  A goblin (D:2)
  A kobold (D:4)
  2 rats
16 creatures vanquished.

Notes
Turn   | Place    | Note
--------------------------------------------------------------
     0 | D:1      | 4thArraOfDagon the Felid Fighter began the quest for the Orb.
     0 | D:1      | Reached XP level 1. HP: 10/10 MP: 2/2
   142 | D:2      | Reached skill level 1 in Stealth
   143 | D:2      | Reached XP level 2. HP: 5/14 MP: 3/3
   271 | D:4      | Found a sacrificial altar of Ru.
   280 | D:4      | Reached XP level 3. HP: 12/17 MP: 4/4
   287 | D:4      | Became a worshipper of Ru the Awakened
   333 | D:4      | Noticed an ogre
   344 | D:4      | Slain by an ogre

Vault maps used:
D:1:      shiori_shiawase, lemuel_old_faithful
D:2:      kennysheep_the_goblin_king, first_bread, cheibriados_altar_1
D:3:      ecumenical_altar_2, gup_sewer_entry_pipe
D:4:      nicolae_ru_great_annihilating_truth, temple_hall

Action                   || total
-------------------------++-------
Melee: Unarmed           ||    25
  Use: Potion            ||     2
 Stab: Sleeping          ||     5
       Paralysed         ||     1
  Eat: Chunk             ||     6
